 Dungeon Crawl Stone Soup version 0.28-a0-1493-g0869888 (webtiles) character file.

Game seed: 5921387827661076097

2025 Illumine the Sneak (level 9, -7/49 HPs)
             Began as a Deep Elf Enchanter on Jan 12, 2022.
             Was an Initiate of Sif Muna.
             Mangled by an orc warrior (13 damage)
             ... on level 7 of the Dungeon.
             The game lasted 00:18:58 (9439 turns).

Illumine the Sneak (Deep Elf Enchanter)             Turns: 9439, Time: 00:18:58

Health: -7/49      AC:  3    Str:  7    XL:     9   Next: 3%
Magic:  14/21      EV: 13    Int: 23    God:    Sif Muna [......]
Gold:   355        SH:  0    Dex: 15    Spells: 11/22 levels left

rFire   . . .      SeeInvis .   a - +2 dagger (vamp)
rCold   . . .      Faith    +   (no shield)
rNeg    . . .      Spirit   .   f - +0 robe
rPois   .          Reflect  .   u - +0 helmet
rElec   .          Harm     .   (no cloak)
rCorr   .          Rampage  .   (no gloves)
Will    .....                   (no boots)
Stlth   ++++......              x - amulet of faith
HPRegen 0.16/turn               (no ring)
MPRegen 0.17/turn               (no ring)

@: no status effects
A: no striking features
a: Renounce Religion


You were on level 7 of the Dungeon.
You worshipped Sif Muna.
Sif Muna was noncommittal.
You visited 2 branches of the dungeon, and saw 8 of its levels.

You collected 355 gold pieces.

Inventory:

Hand Weapons
 a - a +2 vampiric dagger (weapon)
 b - a +7 whip of electrocution
Missiles
 E - 17 poisoned darts (quivered)
Armour
 f - a +0 robe (worn)
 t - a +0 buckler
 u - a +0 helmet (worn)
Jewellery
 x - an amulet of faith (around neck)
 D - a ring of flight
Wands
 z - a wand of digging (9)
 C - a wand of paralysis (7)
Scrolls
 e - a scroll of vulnerability {unknown}
 j - a scroll of teleportation
 k - 2 scrolls of immolation
 m - 3 scrolls of noise {unknown}
 o - 2 scrolls of identify {unknown}
 q - a scroll of torment {unknown}
 w - a scroll of enchant armour {unknown}
 y - a scroll of summoning {unknown}
 A - a scroll of fear {unknown}
Potions
 c - a potion of invisibility
 d - 2 potions of haste
 g - a potion of degeneration {unknown}
 h - 3 potions of lignification {unknown}
 i - 2 potions of attraction {unknown}
 l - a potion of magic {unknown}
 n - 2 potions of curing {unknown}
 p - a potion of brilliance {unknown}
 r - 6 potions of mutation {unknown}
 s - 3 potions of cancellation {unknown}
 v - a potion of berserk rage {unknown}
 B - 2 potions of heal wounds {unknown}


   Skills:
 + Level 2.5 Fighting
 - Level 4.0 Short Blades
 - Level 2.0 Maces & Flails
 + Level 3.6 Dodging
 + Level 7.9 Stealth
 + Level 2.6 Shields
 + Level 7.2 Spellcasting
 - Level 3.2 Conjurations
 - Level 7.0 Hexes


You had 11 spell levels left.
You knew the following spells:

 Your Spells              Type           Power      Damage    Failure   Level
a - Ensorcelled Hibernat  Hex/Ice        48%        N/A       2%          2
b - Confusing Touch       Hex            40%        N/A       1%          3
c - Tukima's Dance        Hex            40%        N/A       1%          3
d - Dazzling Flash        Conj/Hex       62%        N/A       2%          3

Your spell library contained the following spells:

 Spells                   Type           Power      Damage    Failure   Level
 Summon Guardian Golem    Hex/Summ       24%        N/A       5%          3
 Animate Skeleton         Necr           16%        N/A       8%          1
 Pain                     Necr           32%        1d5       8%          1
 Summon Small Mammal      Summ           32%        N/A       8%          1
 Call Canine Familiar     Summ           8%         N/A       22%         3
 Vampiric Draining        Necr           8%         2d6       22%         3
 Animate Armour           Summ/Erth      16%        N/A       58%         4
 Blade Hands              Tmut           4%         N/A       91%         5
 Iron Shot                Conj/Erth      7%         9d2       99%         6


Dungeon Overview and Level Annotations

Branches:
Dungeon (7/15)             Temple (1/1) D:5

Altars:
Cheibriados
Dithmenos
Gozag
Kikubaaqudgha
Makhleb
Okawaru
Qazlal
Ru
Sif Muna
Trog
Uskayaw
Vehumet
Wu Jian
Xom
Yredelemnul
The Shining One

Shops:
D:6 =

Annotations:
D:4 Dowan, Duvessa


Message History

Aim: an orc warrior, wielding a +0 hand axe and wearing a +0 chain mail (wandering, hasn't noticed you, chance to affect: 55%)
The orc warrior resists with significant effort.
The orc warrior drinks a potion.
The orc warrior seems to speed up.
The orc warrior closely misses you.
The orc warrior hits you with a +0 hand axe!
Casting: Ensorcelled Hibernation (safe; 2% risk of failure)
Confirm with . or Enter, or press ? or * to list all spells.
Aiming: Ensorcelled Hibernation (safe; 2% risk of failure)
Press: ? - help, Shift-Dir - straight line, f/p - orc warrior
Aim: an orc warrior, wielding a +0 hand axe and wearing a +0 chain mail (fast, chance to affect: 55%)
The orc warrior resists with significant effort.
The orc wizard shouts!
The orc shouts!
You hear a shout!
The orc warrior hits you with a +0 hand axe.
Casting: Ensorcelled Hibernation (safe; 2% risk of failure)
Confirm with . or Enter, or press ? or * to list all spells.
Aiming: Ensorcelled Hibernation (safe; 2% risk of failure)
Press: ? - help, Shift-Dir - straight line, f/p - orc warrior
Aim: an orc warrior, wielding a +0 hand axe and wearing a +0 chain mail (fast, chance to affect: 55%)
The orc warrior resists with significant effort.
The orc warrior hits you with a +0 hand axe!!
Unknown command.
Casting: Ensorcelled Hibernation (safe; 2% risk of failure)
Confirm with . or Enter, or press ? or * to list all spells.
Okay, then.
Casting: Ensorcelled Hibernation (safe; 2% risk of failure)
Confirm with . or Enter, or press ? or * to list all spells.
Casting: Dazzling Flash (dangerous; 2% risk of failure)
Press: ? - help, Dir - look around, f - activate The orc warrior is dazzled.
The orc is dazzled.
The orc warrior misses you. The orc barely misses you.
The orc hits you with a +0 hand axe.
* * * LOW HITPOINT WARNING * * *
Unknown command.
The orc warrior barely misses you. The orc barely misses you.
The orc warrior hits you with a +0 hand axe!
* * * LOW HITPOINT WARNING * * *
The orc cheers noisily, in orcish tradition.
The orc hits you but does no damage.
The orc is no longer blind.
The orc warrior hits you with a +0 hand axe!
You die...

.#[.. .....# ##............#
#.#..#.....# ###..#..###...
#..... #...# #.....#.# ##..
......##...# #.#.#.#.# #.#
.....#.....# # #...#.# #.#
...........# #.#...####..
##........## #.(.....####
##......oo####.####.....####
#........oo@................
#..........##..#####........
#..........##.## ##.......
#.....)........######.......
#..........#.......###..#.>.
##........##................
##......##.................
#######................#..
#..##...............#


You could see an orc warrior (fast, blind), an orc wizard and 2 orcs.

Vanquished Creatures
  A water moccasin (D:5)
  An ice beast (D:6)
  A black bear (D:6)
  2 sky beasts
  A necrophage (D:5)
  An ogre (D:6)
  2 centaurs (D:7)
  A phantom (D:6)
  2 bullfrogs (D:7)
  2 scorpions
  2 water moccasin zombies
  A howler monkey (D:5)
  An orc priest (D:6)
  2 jellies (D:6)
  A hound (D:5)
  3 bullfrog skeletons
  4 iguanas
  4 orc wizards
  A killer bee zombie (D:6)
  A hound skeleton (D:2)
  Robin (D:3)
  6 gnolls
  A howler monkey skeleton (D:4)
  10 adders
  A shadow imp (D:7)
  3 worms
  4 dart slugs
  18 orcs
  4 ball pythons
  6 bats
  4 endoplasms
  3 giant cockroaches
  9 hobgoblins
  9 jackals
  4 quokkas
  7 frilled lizards
  12 goblins
  10 kobolds
  5 rats
151 creatures vanquished.

Notes
Turn   | Place    | Note
-------+----------+-------------------------------------------
     0 | D:1      | Illumine the Deep Elf Enchanter began the quest for the
                  | Orb.
     0 | D:1      | Reached XP level 1. HP: 10/10 MP: 6/6
   411 | D:1      | Found a faded altar of an unknown god.
   525 | D:1      | Reached XP level 2. HP: 13/15 MP: 8/8
   668 | D:1      | Learned a level 2 spell: Ensorcelled Hibernation
  1400 | D:1      | Reached XP level 3. HP: 14/19 MP: 9/9
  1478 | D:1      | Learned a level 3 spell: Confusing Touch
  1482 | D:1      | Learned a level 3 spell: Tukima's Dance
  2499 | D:2      | Reached XP level 4. HP: 17/24 MP: 8/11
  2940 | D:3      | You fall into a shaft and drop 3 floors!
  2942 | D:6      | Noticed a sky beast
  2958 | D:6      | Killed a sky beast
  2959 | D:6      | Reached skill level 5 in Stealth
  2959 | D:6      | Reached XP level 5. HP: 5/28 MP: 4/13
  3229 | D:6      | Reached skill level 5 in Hexes
  3426 | D:6      | Found a bloodstained altar of Trog.
  3589 | D:6      | Reached XP level 6. HP: 9/32 MP: 12/15
  3873 | D:6      | Learned a level 3 spell: Dazzling Flash
  3956 | D:6      | Reached skill level 5 in Spellcasting
  4097 | D:5      | Entered Level 5 of the Dungeon
  4109 | D:4      | Noticed Duvessa
  4109 | D:4      | Noticed Dowan
  4468 | D:3      | Noticed Robin
  4643 | D:3      | Killed Robin
  5612 | D:4      | Reached XP level 7. HP: 27/36 MP: 10/17
  5726 | D:4      | Reached skill level 1 in Conjurations
  5899 | D:4      | Upgraded the game from 0.28-a0-1489-ga6001f9 to
                  | 0.28-a0-1493-g0869888
  6468 | D:5      | Reached skill level 1 in Shields
  6775 | D:5      | Reached skill level 1 in Fighting
  6953 | D:5      | Reached skill level 1 in Maces & Flails
  7136 | D:5      | Reached XP level 8. HP: 38/43 MP: 11/19
  7651 | D:5      | Found a staircase to the Ecumenical Temple.
  7697 | Temple   | Entered the Ecumenical Temple
  7757 | Temple   | Became a worshipper of Sif Muna the Loreminder
  8289 | D:6      | Found Zaerihud's One-of-a-Kind Rings.
  8356 | D:6      | Found a burning altar of Makhleb.
  8356 | D:6      | Noticed a blizzard demon
  8359 | D:6      | Noticed an orange demon
  9418 | D:7      | Reached XP level 9. HP: 49/49 MP: 21/21
  9439 | D:7      | Mangled by an orc warrior

Illustrated notes

Levels and vault maps discovered:
D:1:      kennysheep_arrival_forest, layout_loops_cross,
          dreamdust_ecumenical_altar_statues
D:2:      layout_loops_ring
D:3:      layout_basic, uniq_robin
D:4:      layout_cave_pools, hex_medium, uniq_duvessa
D:5:      layout_basic, minmay_temple_entry_fiery,
          nicolae_ossuary_entry_monument, minmay_statues_item,
          minmay_misc_feat_nine_boxes, kennysheep_minor_cross
D:6:      layout_loops_ring, makhleb_altar_promises_db,
          mainiacjoe_overflow_surrounded_room, nicolae_shop_unique_rings
D:7:      layout_rooms, hangedman_decor_growths, worms_lemuel, uniq_menkaure
Temple:   mainiacjoe_temple_coin_purse

Skill      XL: |  1  2  3  4  5  6  7  8 |
---------------+-------------------------+-----
Stealth        | 4 5 6 7 |  7.9
Short Blades   | 2 3 4 |  4.0
Spellcasting   | 4 5 6 7 |  7.2
Hexes          | 5 6 7 |  7.0
Conjurations   | 2 3 |  3.2
Shields        | 1 2 |  2.6
Fighting       | 1 2 |  2.5
Maces & Flails | 1 2 |  2.0
Dodging        | 3 |  3.6

Action                   |  1- 3 |  4- 6 |  7- 9 || total
-------------------------+-------+-------+-------++-------
Melee: Dagger            |   109 |   108 |   138 ||   355
       Punch             |     1 |       |     4 ||     5
       Short sword       |     6 |    10 |       ||    16
       Whip              |       |    20 |    14 ||    34
 Cast: Ensorcelled Hiber |    18 |    48 |    65 ||   131
       Confusing Touch   |     1 |     3 |     6 ||    10
       Dazzling Flash    |       |     2 |     1 ||     3
  Use: Scroll            |       |       |     2 ||     2
 Stab: Sleeping          |    19 |    31 |    40 ||    90
       Confused          |     1 |     4 |    11 ||    16
Armor: Robe              |    25 |    11 |    25 ||    61
Dodge: Dodged            |    60 |    82 |    85 ||   227

Table legend: (Time is in decaauts)
 A = Elapsed time spent in this place.
 B = Non-inter-level travel time spent in this place.
 C = Inter-level travel time spent in this place.
 D = Time resting spent in this place.
 E = Time spent auto-exploring this place.
 F = Levels seen in this place.
 G = Mean time per level.
                   A        B        C        D        E       F      G
               +--------+--------+--------+--------+--------+-----+--------+
         Total |   9383 |   9206 |    177 |   3245 |   3852 |   8 | 1172.9 |
       Dungeon |   9310 |   9145 |    165 |   3245 |   3812 |   7 | 1330.0 |
        Temple |     73 |     61 |     12 |      0 |     40 |   1 |   73.0 |
               +--------+--------+--------+--------+--------+-----+--------+

Top non-repeatable levels by time:
     D:6: 2049 daAuts
     D:1: 1831 daAuts
     D:5: 1505 daAuts
     D:3: 1345 daAuts
     D:2: 1073 daAuts
     D:4: 957 daAuts
     D:7: 547 daAuts
  Temple: 73 daAuts
